Map: 시뮬레이크럼 - 래더

Players

INnoVation - Winner!

  • Race: Terran Terran
  • Spawn Location: 11:00

LiquidClem (Clem)

  • Race: Terran Terran
  • Spawn Location: 5:00

Event: StayAtHomestory Cup #1

VOD

Have the link to the VOD?

Description

Time

  • Played on: April 11, 2020, 6:12 a.m.
  • Length: 15:10

All games in this series

Show
View Real Time Build Order
Export as new Build Order

INnoVation Terran - Winner!

Build Orders: Gas First Reaper Expand 

Get SALT Encoding   

  12  0:01  SCV  
  13  0:13  SCV  
  14  0:17  Supply Depot  
  14  0:25  SCV  
  15  0:29  Refinery  
  15  0:38  SCV  
  16  0:45  Barracks  
  16  0:51  SCV  
  17  1:03  SCV  
  18  1:15  SCV  
  19  1:32  Reaper, Orbital Command  
  20  1:43  Command Center  
  20  1:56  Factory  
  20  1:59  SCV  
  21  2:06  Barracks Reactor  
  21  2:11  SCV  
  21  2:15  Supply Depot  
  22  2:18  Refinery  
  22  2:23  SCV  
  23  2:37  SCV  
  23  2:40  Factory Tech Lab  
  23  2:43  Marine x2  
  26  2:49  Starport  
  26  2:50  SCV  
  27  2:56  Orbital Command  
  27  3:01  Marine x2  
  27  3:02  SCV  
  30  3:10  Cyclone  
  33  3:14  SCV  
  33  3:18  Marine  
  33  3:19  Marine  
  36  3:23  SCV  
  37  3:27  Viking  
  39  3:35  Supply Depot  
  39  3:37  Marine x2  
  41  3:43  Cyclone  
  41  3:48  SCV  
  46  3:50  SCV  
  46  3:57  Marine x2  
  46  4:00  Starport Tech Lab  
  46  4:01  SCV  
  46  4:02  SCV  
  49  4:11  Supply Depot  
  49  4:13  Refinery  
  49  4:15  Marine  
  49  4:16  SCV x2  
  53  4:22  Raven  
  53  4:23  Supply Depot  
  54  4:32  Marine, SCV x2  
  54  4:33  Marine  
  54  4:34  Supply Depot  
  58  4:42  Siege Tank  
  58  4:44  SCV  
  58  4:45  SCV  
  63  4:51  Marine  
  63  4:52  Marine  
  60  4:58  SCV x2  
  52  5:09  Marine x2  
  52  5:12  SCV x2  
  52  5:14  Raven  
  50  5:25  SCV x2  
  50  5:27  Marine x2  
  54  5:33  Siege Tank  
  57  5:37  SCV x2  
  57  5:41  Command Center  
  59  5:45  Marine x2  
  59  5:49  SCV x2  
  63  5:52  Refinery  
  63  5:55  Supply Depot  
  63  5:59  Raven  
  63  6:03  Marine x2, SCV  
  68  6:05  SCV  
  69  6:15  SCV, Siege Tank  
  69  6:17  SCV  
  74  6:20  Marine  
  74  6:21  Marine  
  76  6:29  SCV x2  
  76  6:39  Marine  
  69  6:47  SCV x2  
  62  6:52  Siege Tank  
  66  6:55  Orbital Command  
  66  6:59  SCV x2  
  68  7:03  Viking x2  
  68  7:04  Barracks  
  68  7:06  Barracks  
  72  7:09  Marine, Stimpack  
  72  7:11  SCV x2  
  72  7:13  Orbital Command  
  75  7:20  Engineering Bay x2  
  74  7:23  SCV x2  
  74  7:30  Marine  
  74  7:33  Viking x2  
  79  7:40  Siege Tank  
  79  7:41  SCV x3  
  85  7:53  SCV x2  
  85  7:56  Barracks, Barracks Reactor  
  85  7:57  Terran Infantry Weapons Level 1, Barracks Reactor, Terran Infantry Armor Level 1, Barracks  
  87  8:01  SCV  
  87  8:05  SCV x2  
  90  8:06  Supply Depot  
  90  8:07  Marine  
  90  8:10  Viking  
  90  8:11  Viking  
  95  8:14  Supply Depot  
  95  8:19  SCV  
  97  8:20  SCV x2  
  97  8:25  Marine  
  99  8:31  Refinery  
  99  8:32  SCV x3, Supply Depot, Refinery, Siege Tank  
  104  8:42  Supply Depot  
  104  8:44  SCV x3  
  107  8:49  Combat Shield  
  107  8:52  Viking x2  
  111  8:57  Barracks Reactor x2  
  111  8:58  Marine x5  
  111  9:02  SCV x2  
  118  9:03  SCV  
  119  9:17  SCV x3  
  121  9:18  Marine x5  
  121  9:22  Medivac x2  
  121  9:24  Supply Depot  
  131  9:29  Sensor Tower  
  131  9:35  Armory  
  131  9:36  Marine, Supply Depot  
  131  9:37  Supply Depot  
  132  9:42  Siege Tank  
  132  9:43  SCV x3  
  128  9:49  Marine  
  128  9:50  Marine x7  
  129  9:53  Marine  
  129  9:56  Medivac x2  
  129  9:57  SCV x2  
  129  9:58  SCV  
  134  10:07  Marine  
  134  10:09  SCV  
  134  10:12  SCV x2  
  137  10:14  Siege Tank  
  137  10:16  Marine x8  
  145  10:21  SCV  
  145  10:25  Marine  
  145  10:28  Supply Depot  
  142  10:31  Sensor Tower, Viking  
  142  10:33  Viking  
  142  10:34  Marine x8  
  154  10:43  Marine  
  154  10:45  Supply Depot  
  154  10:46  Supply Depot  
  154  10:51  Marine  
  154  10:52  Marine x4  
  154  10:53  Marine x3  
  157  11:01  Marine  
  154  11:09  Marine x2  
  154  11:10  Marine x3  
  154  11:11  Marine x3  
  133  11:12  Siege Tank  
  133  11:17  Medivac x2  
  135  11:18  Marine  
  135  11:25  Terran Infantry Weapons Level 2  
  135  11:27  Marine x5, Terran Infantry Armor Level 2  
  135  11:29  Marine x2  
  141  11:37  Marine x2  
  143  11:45  Marine x5  
  143  11:46  Marine  
  147  11:47  Marine, Medivac x2  
  147  11:50  Siege Tank  
  154  11:55  Marine x2  
  154  12:03  Marine x5  
  154  12:04  Marine x2  
  160  12:12  Marine  
  160  12:13  Marine  
  151  12:20  Marine  
  151  12:21  Marine x4  
  151  12:22  Marine x2  
  154  12:34  Siege Tank  
  154  12:35  Marine  
  157  12:38  Marine  
  157  12:39  Marine  
  158  12:45  Marine x4  
  158  12:46  Marine x2  
  158  12:48  Medivac x2  
  167  12:56  Marine x2  
  167  12:57  Marine  
  168  13:03  Marine x4  
  168  13:04  Marine x2  
  168  13:05  SCV x3  
  173  13:08  Siege Tank  
  169  13:14  Marine x3  
  172  13:20  Medivac  
  172  13:21  Marine x2  
  173  13:43  Orbital Command  
  173  13:44  Supply Depot  
  173  13:50  Sensor Tower  
  173  13:55  Marine  
  173  14:03  Marine x3  
  173  14:04  Marine  
  173  14:05  Marine x3, Medivac x2  
  173  14:06  Siege Tank  
  173  14:14  Marine  
  154  14:21  Marine x3  
  154  14:22  Marine x3  
  154  14:23  Marine  
  159  14:32  Marine  
  159  14:34  Sensor Tower  
  159  14:38  Marine x3, Siege Tank  
  163  14:39  SCV x3, Marine, Medivac x2  
  163  14:40  Marine x2  
  163  14:41  Marine  
  177  14:49  Marine  
Show
View Real Time Build Order
Export as new Build Order

LiquidClem Terran 

Build Orders:  

Get SALT Encoding   

  12  0:00  SCV  
  13  0:12  SCV  
  14  0:17  Supply Depot  
  14  0:25  SCV  
  15  0:30  Refinery  
  15  0:38  SCV  
  16  0:44  Barracks  
  16  0:50  SCV  
  17  0:58  Refinery  
  17  1:02  SCV  
  18  1:15  SCV  
  19  1:31  Orbital Command  
  19  1:32  Factory  
  19  1:35  Barracks Reactor  
  19  1:46  Supply Depot  
  19  1:57  SCV  
  20  2:11  SCV  
  20  2:13  Reaper  
  20  2:14  Reaper  
  20  2:15  Hellion  
  25  2:27  Command Center  
  25  2:29  SCV  
  26  2:37  Supply Depot  
  26  2:40  Hellion  
  28  2:46  Reaper x2  
  28  2:48  SCV  
  31  2:56  Starport  
  31  3:01  SCV  
  31  3:03  Factory Tech Lab  
  32  3:13  SCV  
  32  3:18  Marine x2  
  35  3:21  Cyclone  
  35  3:25  SCV  
  39  3:34  Refinery  
  39  3:38  Marine x2, Medivac  
  39  3:40  SCV  
  44  3:46  Orbital Command  
  44  3:52  SCV  
  45  4:00  Marine x2  
  47  4:03  Supply Depot  
  47  4:04  Factory Tech Lab  
  47  4:05  SCV  
  48  4:13  SCV  
  50  4:17  SCV  
  50  4:22  Cloaking Field, Banshee  
  53  4:25  SCV  
  53  4:29  Siege Tank  
  57  4:33  Supply Depot  
  57  4:35  Marine x2  
  57  4:38  SCV  
  60  4:46  SCV  
  60  4:52  SCV  
  56  4:53  Marine x2  
  56  4:59  SCV  
  56  5:04  Siege Tank  
  56  5:06  SCV  
  59  5:07  Command Center  
  59  5:11  Banshee  
  62  5:15  Marine x2  
  62  5:21  SCV  
  65  5:25  SCV, Supply Depot  
  61  5:32  Marine x2  
  61  5:35  SCV  
  64  5:36  Siege Tank  
  64  5:37  SCV  
  68  5:43  Supply Depot  
  68  5:47  SCV  
  69  5:51  Barracks  
  69  5:53  Barracks  
  69  5:56  SCV  
  70  5:59  SCV  
  70  6:00  Viking  
  70  6:02  Viking  
  75  6:05  Stimpack  
  75  6:08  SCV  
  75  6:09  Siege Tank  
  79  6:14  Refinery  
  79  6:17  SCV, Supply Depot  
  80  6:20  Marine  
  80  6:22  Orbital Command  
  81  6:34  SCV  
  81  6:38  Marine  
  73  6:40  Barracks Reactor  
  73  6:41  Barracks Reactor, Siege Tank  
  73  6:42  Engineering Bay  
  65  6:47  SCV x2  
  65  6:48  Orbital Command  
  65  6:49  Viking x2  
  71  6:55  Engineering Bay  
  71  6:59  Marine  
  72  7:02  SCV x2  
  74  7:14  SCV x2  
  76  7:16  Siege Tank  
  76  7:17  Marine  
  76  7:19  Marine x2  
  76  7:20  Marine x2  
  76  7:22  Barracks  
  84  7:23  Barracks  
  84  7:29  Supply Depot, Terran Infantry Weapons Level 1, Terran Infantry Armor Level 1  
  84  7:32  Viking  
  84  7:35  Marine  
  84  7:36  Viking  
  89  7:37  Marine  
  89  7:39  SCV x3  
  89  7:43  Refinery  
  93  7:44  Refinery  
  93  7:45  Marine x2  
  93  7:47  Marine  
  93  7:51  SCV, Combat Shield  
  94  7:53  Marine  
  94  7:54  SCV x2  
  97  7:59  Siege Tank  
  97  8:03  SCV  
  97  8:04  Marine x4  
  97  8:05  Supply Depot  
  105  8:09  Marine  
  105  8:10  Marine, Medivac  
  105  8:12  Marine  
  110  8:15  SCV x2  
  110  8:18  Medivac  
  113  8:22  Marine x3, SCV  
  113  8:23  Supply Depot  
  113  8:26  Marine  
  118  8:27  Marine  
  118  8:28  Marine  
  118  8:30  Marine  
  118  8:31  SCV, Supply Depot, Siege Tank  
  125  8:36  Supply Depot  
  125  8:40  SCV x2  
  127  8:42  Marine  
  127  8:44  SCV  
  127  8:45  Marine x2  
  127  8:48  Marine  
  128  8:51  Marine  
  128  8:53  SCV  
  129  9:00  SCV x2  
  129  9:04  Sensor Tower, Barracks Reactor  
  129  9:07  Marine, Medivac  
  129  9:08  Marine  
  129  9:09  SCV  
  130  9:15  Armory  
  133  9:17  Siege Tank  
  133  9:21  Factory  
  133  9:25  Marine x3  
  133  9:27  Barracks Reactor  
  133  9:29  SCV x3  
  133  9:30  Missile Turret  
  139  9:31  Marine x2  
  139  9:37  Supply Depot  
  141  9:38  Medivac x2  
  141  9:41  Marine x2  
  141  9:42  Marine  
  141  9:43  Marine x2  
  148  9:49  Marine x2  
  148  9:51  Siege Tank  
  147  9:55  Supply Depot  
  147  9:59  Marine x2  
  147  10:00  Marine x2  
  147  10:01  Marine  
  147  10:04  Marine x2  
  152  10:08  Medivac  
  152  10:10  Marine x2  
  156  10:14  Supply Depot  
  156  10:17  Marine x2  
  156  10:20  Marine x3  
  156  10:21  Medivac  
  160  10:23  Siege Tank  
  160  10:26  Marine x2  
  160  10:28  Terran Infantry Weapons Level 2  
  158  10:36  Marine x2  
  158  10:37  Marine  
  158  10:39  Terran Infantry Armor Level 2  
  161  10:42  Supply Depot  
  161  10:43  Terran Vehicle Weapons Level 1  
  161  10:46  Marine, Command Center  
  161  10:49  Marine  
  163  10:54  Marine  
  163  10:55  Marine x2, Siege Tank  
  163  10:56  Siege Tank  
  140  10:57  Marine x2  
  140  11:00  Marine x2  
  140  11:04  Marine  
  138  11:06  Marine  
  125  11:12  Marine x2  
  125  11:14  Medivac  
  125  11:16  Marine  
  125  11:17  Marine x2  
  125  11:18  Marine x2  
  125  11:22  Marine  
  125  11:24  Marine  
  124  11:26  Medivac  
  124  11:28  Siege Tank  
  124  11:30  Marine x2, Siege Tank  
  134  11:34  Marine x3  
  134  11:36  Marine  
  138  11:46  Marine x2  
  138  11:47  Marine, Missile Turret  
  139  11:48  Marine x2, Sensor Tower  
  139  11:52  Marine x2, Medivac  
  139  11:53  Marine x2  
  146  12:04  Marine x3, Siege Tank x2  
  150  12:11  Marine x2  
  150  12:12  SCV  
  150  12:13  SCV x2  
  142  12:16  Marine x4  
  142  12:22  Marine x2  
  145  12:29  Marine x2  
  136  12:34  Marine x2  
  136  12:36  Siege Tank  
  136  12:39  Medivac  
  136  12:44  Planetary Fortress  
  136  12:50  Barracks  
  134  12:53  Marine x3, Barracks  
  136  12:59  Siege Tank  
  136  13:00  Marine, Medivac  
  142  13:12  Marine x2  
  140  13:13  Marine  
  136  13:21  Siege Tank  
  136  13:22  Marine  
  136  13:25  Medivac  
  137  13:30  Marine x3  
  129  13:34  Medivac  
  129  13:35  Siege Tank  
  129  13:40  Marine  
  135  13:43  Marine x2  
  135  13:48  Marine x3  
  138  13:58  Marine, Siege Tank  
  138  13:59  SCV  
  138  14:00  SCV x3  
  138  14:01  Marine x2  
  148  14:06  Marine x3  
  147  14:15  Marine  
  128  14:18  Marine x2  
  128  14:20  Medivac  
  128  14:24  Marine x3  
  129  14:27  SCV  
  129  14:28  Orbital Command  
  131  14:35  Siege Tank  
  131  14:37  Marine  
  131  14:38  Marine  
  134  14:47  Marine  
  134  14:50  Marine x2  
  134  14:51  Marine  
Tags
 
Add a new tag
Caveats
  • Supply blocks, unpowered buildings, or Contaminate may cause inaccurate times.
  • Supply counts are checked every 10 seconds.